NWL
MEDFORD NUGGETS @ COOS BAY-NORTH BEND BLUE SOXS
08/25/1982
 
TOP OF THE 1ST
Medford Nuggets batting - Pitching for Coos Bay-North Bend Blue Soxs : RHP Leo Rico
Pitching: RHP Leo Rico
Batting: LHB Todd Thomas 0-0: Called Strike
0-1: Ball
1-1: Swinging Strike
1-2: Strikes out looking
Batting: RHB Juan Salinas 0-0: Ball
1-0: Swinging Strike
1-1: Ball
2-1: Ball
3-1: Base on Balls
Batting: LHB Jose Mantilla 0-0: Called Strike
0-1: Ball
1-1: Ball
2-1: SINGLE (Line Drive, 89S, EV 90.6 MPH)
Juan Salinas to second
Runner from 2nd tries for 3rd, SAFE, throw by RF made to third
Batting: RHB Carl Hollis 0-0: Foul Ball, location: 2F
0-1: Ball
1-1: Called Strike
1-2: Strikes out swinging
Batting: RHB Scott Roebuck 0-0: Swinging Strike
0-1: Called Strike
0-2: Strikes out looking
Top of the 1st over - 0 runs, 1 hit, 0 errors, 2 left on base; Medford 0 - Coos Bay-North Bend 0
BOTTOM OF THE 1ST
Coos Bay-North Bend Blue Soxs batting - Pitching for Medford Nuggets : RHP Anacleto Caiado
Pitching: RHP Anacleto Caiado
Batting: LHB Craig Gerber 0-0: Ball
1-0: Ground out 1-3 (Groundball, 15, EV 72.5 MPH)
Batting: RHB Brian Stemberger 0-0: Called Strike
0-1: Foul Ball, location: 2F
0-2: Strikes out swinging
Batting: LHB Curt Reed 0-0: Fly out, F1 (Line Drive, P, EV 68.8 MPH)
Bottom of the 1st over - 0 runs, 0 hits, 0 errors, 0 left on base; Medford 0 - Coos Bay-North Bend 0
TOP OF THE 2ND
Medford Nuggets batting - Pitching for Coos Bay-North Bend Blue Soxs : RHP Leo Rico
Batting: RHB Michael Lavery 0-0: Ball
1-0: Ball
2-0: Ball
3-0: Called Strike
3-1: Base on Balls
Batting: RHB Michael Moreno 0-0: Ball
1-0: Foul Ball, location: 2F
1-1: Fly out, F9 (Flyball, 8RS, EV 90.6 MPH)
Batting: RHB Michael Gambeski 0-0: Swinging Strike
0-1: SINGLE (Line Drive, 56, EV 109.4 MPH)
Michael Lavery to second
Batting: RHB Gary Crabtree 0-0: Ball
1-0: Ball
2-0: Ball
3-0: Base on Balls
Michael Lavery to third
Michael Gambeski to second
Batting: LHB Todd Thomas 0-0: Ball
1-0: Ball
2-0: Foul Ball, location: 2F
2-1: Fielders Choice at 2nd, 4-6 (Groundball, 4, EV 101.3 MPH)
Michael Lavery scores
Michael Gambeski to third
Batting: RHB Juan Salinas 0-0: Ball
1-0: Swinging Strike
1-1: Foul Ball, location: 2F
1-2: Strikes out swinging
Top of the 2nd over - 1 run, 1 hit, 0 errors, 2 left on base; Medford 1 - Coos Bay-North Bend 0
BOTTOM OF THE 2ND
Coos Bay-North Bend Blue Soxs batting - Pitching for Medford Nuggets : RHP Anacleto Caiado
Batting: RHB Bob Gergen 0-0: Ball
1-0: Called Strike
1-1: Ball
2-1: Swinging Strike
2-2: Foul Ball, location: 2F
2-2: Ball
3-2: Ground out 3-1 (Groundball, 34S, EV 83.8 MPH)
Batting: RHB Bob Glendening 0-0: Fly out, F9 (Flyball, 89M, EV 91.9 MPH)
Batting: SHB Donald Freeman 0-0: Ball
1-0: Ball
2-0: Foul Ball, location: 2F
2-1: Ball
3-1: Base on Balls
Batting: RHB James Jeffries 0-0: Ball
Donald Freeman is caught stealing 2nd base 2-4
Bottom of the 2nd over - 0 runs, 0 hits, 0 errors, 0 left on base; Medford 1 - Coos Bay-North Bend 0
TOP OF THE 3RD
Medford Nuggets batting - Pitching for Coos Bay-North Bend Blue Soxs : RHP Leo Rico
Batting: LHB Jose Mantilla 0-0: Swinging Strike
0-1: Ball
1-1: Fly out, F7 (Flyball, 7LS, EV 88.8 MPH)
Batting: RHB Carl Hollis 0-0: Called Strike
0-1: Ball
1-1: Ball
2-1: Swinging Strike
2-2: SINGLE (Groundball, 6MS, EV 73.1 MPH) (infield hit)
Batting: RHB Scott Roebuck 0-0: Called Strike
0-1: Ball
1-1: Fielders Choice at 2nd, 5-4 (Groundball, 5, EV 82.5 MPH)
Batting: RHB Michael Lavery 0-0: Called Strike
0-1: Foul Ball, location: 2F
0-2: Ball
Scott Roebuck is caught stealing 2nd base 2-4
Top of the 3rd over - 0 runs, 1 hit, 0 errors, 0 left on base; Medford 1 - Coos Bay-North Bend 0
BOTTOM OF THE 3RD
Coos Bay-North Bend Blue Soxs batting - Pitching for Medford Nuggets : RHP Anacleto Caiado
Batting: RHB James Jeffries 0-0: Called Strike
0-1: Called Strike
0-2: Ground out 6-3 (Groundball, 6D, EV 103.1 MPH)
Batting: RHB Mark Miller 0-0: Ball
1-0: Ball
2-0: Called Strike
2-1: Ball
3-1: Base on Balls
Batting: RHB Henry Noble 0-0: Called Strike
Mark Miller is caught stealing 2nd base 2-4
0-1: Fly out, F7 (Flyball, 7S, EV 83.8 MPH)
Bottom of the 3rd over - 0 runs, 0 hits, 0 errors, 0 left on base; Medford 1 - Coos Bay-North Bend 0
TOP OF THE 4TH
Medford Nuggets batting - Pitching for Coos Bay-North Bend Blue Soxs : RHP Leo Rico
Batting: RHB Michael Lavery 0-0: Called Strike
0-1: Swinging Strike
0-2: Strikes out swinging
Batting: RHB Michael Moreno 0-0: Ball
1-0: Foul Ball, location: 2F
1-1: SINGLE (Line Drive, 7LS, EV 103.8 MPH)
Batting: RHB Michael Gambeski 0-0: Ball
1-0: Fly out, F9 (Flyball, 9D, EV 78.8 MPH)
Batting: RHB Gary Crabtree 0-0: Fielders Choice at 2nd, 6-4 (Groundball, 6, EV 105.6 MPH)
Top of the 4th over - 0 runs, 1 hit, 0 errors, 1 left on base; Medford 1 - Coos Bay-North Bend 0
BOTTOM OF THE 4TH
Coos Bay-North Bend Blue Soxs batting - Pitching for Medford Nuggets : RHP Anacleto Caiado
Batting: LHB Craig Gerber 0-0: Ball
1-0: Foul Ball, location: 2F
1-1: Called Strike
1-2: Foul Ball, location: 2F
1-2: Ball
2-2: Ball
3-2: Ground out U3 (Groundball, 3L, EV 93.8 MPH)
Batting: RHB Brian Stemberger 0-0: Swinging Strike
0-1: Ball
1-1: Ball
2-1: Swinging Strike
2-2: Foul Ball, location: 2F
2-2: Ball
3-2: Ground out 5-3 (Groundball, 56, EV 83.8 MPH)
Batting: LHB Curt Reed 0-0: Foul Ball, location: 2F
0-1: Ball
1-1: Ball
2-1: Called Strike
2-2: Ball
3-2: Foul Ball, location: 2F
3-2: Foul Ball, location: 2F
3-2: Base on Balls
Batting: RHB Bob Gergen 0-0: Ball
1-0: Called Strike
1-1: Ball
2-1: Foul Ball, location: 2F
2-2: Ball
Curt Reed steals 2nd base
3-2: Fly out, F9 (Flyball, 9LS, EV 90.0 MPH)
Bottom of the 4th over - 0 runs, 0 hits, 0 errors, 1 left on base; Medford 1 - Coos Bay-North Bend 0
TOP OF THE 5TH
Medford Nuggets batting - Pitching for Coos Bay-North Bend Blue Soxs : RHP Leo Rico
Batting: LHB Todd Thomas 0-0: Ball
1-0: Called Strike
1-1: Ball
2-1: Ground out 4-3 (Groundball, 4, EV 90.6 MPH)
Batting: RHB Juan Salinas 0-0: Called Strike
0-1: Foul Ball, location: 2F
0-2: Ground out U3 (Groundball, 34, EV 89.4 MPH)
Batting: LHB Jose Mantilla 0-0: Ball
1-0: Swinging Strike
1-1: Swinging Strike
1-2: Ball
2-2: Ball
3-2: Foul Ball, location: 2F
3-2: Fly out, F7 (Flyball, 7, EV 84.4 MPH)
Top of the 5th over - 0 runs, 0 hits, 0 errors, 0 left on base; Medford 1 - Coos Bay-North Bend 0
BOTTOM OF THE 5TH
Coos Bay-North Bend Blue Soxs batting - Pitching for Medford Nuggets : RHP Anacleto Caiado
Batting: RHB Bob Glendening 0-0: Ground out 5-3 (Groundball, 56, EV 86.3 MPH)
Batting: SHB Donald Freeman 0-0: Ball
1-0: Fly out, F9 (Flyball, 9D, EV 89.4 MPH)
Batting: RHB James Jeffries 0-0: Foul Ball, location: 2F
0-1: Ground out 4-3 (Groundball, 4S, EV 87.5 MPH)
Bottom of the 5th over - 0 runs, 0 hits, 0 errors, 0 left on base; Medford 1 - Coos Bay-North Bend 0
TOP OF THE 6TH
Medford Nuggets batting - Pitching for Coos Bay-North Bend Blue Soxs : RHP Leo Rico
Batting: RHB Carl Hollis 0-0: Ball
1-0: Ball
2-0: Swinging Strike
2-1: Swinging Strike
2-2: Strikes out swinging
Batting: RHB Scott Roebuck 0-0: Called Strike
0-1: Ball
1-1: Swinging Strike
1-2: Fly out, F7 (Flyball, 7, EV 81.9 MPH)
Batting: RHB Michael Lavery 0-0: Swinging Strike
0-1: Called Strike
0-2: Ball
1-2: Strikes out looking
Top of the 6th over - 0 runs, 0 hits, 0 errors, 0 left on base; Medford 1 - Coos Bay-North Bend 0
BOTTOM OF THE 6TH
Coos Bay-North Bend Blue Soxs batting - Pitching for Medford Nuggets : RHP Anacleto Caiado
Batting: RHB Mark Miller 0-0: Ball
1-0: SINGLE (Groundball, 34S, EV 71.3 MPH) (infield hit)
Batting: RHB Henry Noble 0-0: Ball
Mark Miller steals 2nd base
1-0: Ball
2-0: Foul Ball, location: 2F
2-1: Bunted foul
2-2: Foul Ball, location: 2F
2-2: Ball
3-2: Ground out 2-3 (Groundball, 2R, EV 73.1 MPH)
Mark Miller to third
Batting: LHB Craig Gerber 0-0: Ball
1-0: Ball
2-0: Foul Ball, location: 2F
2-1: Fly out, F8 (Line Drive, 8RD, EV 83.1 MPH)
Runner from 3rd tags up, SCORES, throw by CF
Batting: RHB Brian Stemberger 0-0: Foul Ball, location: 2F
0-1: Called Strike
0-2: Ground out 5-3 (Groundball, 56, EV 78.1 MPH)
Bottom of the 6th over - 1 run, 1 hit, 0 errors, 0 left on base; Medford 1 - Coos Bay-North Bend 1
TOP OF THE 7TH
Medford Nuggets batting - Pitching for Coos Bay-North Bend Blue Soxs : RHP Leo Rico
Batting: RHB Michael Moreno 0-0: Ball
1-0: Ball
2-0: Fly out, F8 (Flyball, 8LD, EV 97.5 MPH)
Batting: RHB Michael Gambeski 0-0: SINGLE (Line Drive, 6MD, EV 98.1 MPH)
Batting: RHB Gary Crabtree 0-0: Foul Ball, location: 2F
0-1: Ball
1-1: Foul Ball, location: 2F
1-2: Strikes out swinging
Batting: LHB Todd Thomas Pickoff Throw to First - Out! 1-3
Top of the 7th over - 0 runs, 1 hit, 0 errors, 0 left on base; Medford 1 - Coos Bay-North Bend 1
BOTTOM OF THE 7TH
Coos Bay-North Bend Blue Soxs batting - Pitching for Medford Nuggets : RHP Anacleto Caiado
Batting: LHB Curt Reed 0-0: Ground out 4-3 (Groundball, 4, EV 80.0 MPH)
Batting: RHB Bob Gergen 0-0: Ball
1-0: Ground out U3 (Groundball, 3, EV 105.6 MPH)
Batting: RHB Bob Glendening 0-0: Foul Ball, location: 2F
0-1: Fly out, F8 (Flyball, 8LS, EV 67.5 MPH)
Bottom of the 7th over - 0 runs, 0 hits, 0 errors, 0 left on base; Medford 1 - Coos Bay-North Bend 1
TOP OF THE 8TH
Medford Nuggets batting - Pitching for Coos Bay-North Bend Blue Soxs : RHP Leo Rico
Batting: LHB Todd Thomas 0-0: Called Strike
0-1: Called Strike
0-2: Ball
1-2: Ground out U3 (Groundball, 34S, EV 89.4 MPH)
Batting: RHB Juan Salinas 0-0: Ball
1-0: Ground out 6-3 (Groundball, 6, EV 85.6 MPH)
Batting: LHB Jose Mantilla 0-0: Ball
1-0: Ball
2-0: Called Strike
2-1: Called Strike
2-2: Foul Ball, location: 2F
2-2: Fly out, F7 (Line Drive, 7, EV 94.4 MPH)
Top of the 8th over - 0 runs, 0 hits, 0 errors, 0 left on base; Medford 1 - Coos Bay-North Bend 1
BOTTOM OF THE 8TH
Coos Bay-North Bend Blue Soxs batting - Pitching for Medford Nuggets : RHP Anacleto Caiado
Batting: SHB Donald Freeman 0-0: Swinging Strike
0-1: Ball
1-1: Called Strike
1-2: SINGLE (Flyball, 3D, EV 93.1 MPH)
Batting: RHB James Jeffries 0-0: Ball
1-0: Called Strike
1-1: Foul Ball, location: 2F
1-2: Strikes out swinging
Batting: RHB Mark Miller 0-0: Ball
Donald Freeman is caught stealing 2nd base 2-4
1-0: Called Strike
1-1: Fly out, F8 (Flyball, 8RM, EV 88.8 MPH)
Bottom of the 8th over - 0 runs, 1 hit, 0 errors, 0 left on base; Medford 1 - Coos Bay-North Bend 1
TOP OF THE 9TH
Medford Nuggets batting - Pitching for Coos Bay-North Bend Blue Soxs : RHP Leo Rico
Pitching: RHP Domingo Almanzar
Batting: RHB Carl Hollis 0-0: Ball
1-0: Ball
2-0: Foul Ball, location: 2F
2-1: Swinging Strike
2-2: Foul Ball, location: 2F
2-2: Foul Ball, location: 2F
2-2: Foul Ball, location: 2F
2-2: Foul Ball, location: 2F
2-2: Ball
3-2: Base on Balls
Batting: RHB Scott Roebuck 0-0: Swinging Strike
0-1: SINGLE (Groundball, 56D, EV 102.5 MPH)
Carl Hollis to second
Batting: RHB Michael Lavery 0-0: Called Strike
0-1: Bunt missed!
0-2: Ball
1-2: Ball
2-2: Ball
3-2: Foul Ball, location: 2F
3-2: Base on Balls
Carl Hollis to third
Scott Roebuck to second
Batting: RHB Michael Moreno 0-0: Grounds into double play, 3-2-3 (Groundball, 3S, EV 65.6 MPH)
Scott Roebuck to third
Michael Lavery to second
Batting: RHB Michael Gambeski 0-0: Called Strike
0-1: Ball
1-1: Called Strike
1-2: Ball
2-2: Foul Ball, location: 2F
2-2: Ball
3-2: Base on Balls
Batting: RHB Gary Crabtree 0-0: Ball
1-0: Ball
2-0: Called Strike
2-1: Foul Ball, location: 2F
2-2: Foul Ball, location: 2F
2-2: Ball
3-2: Base on Balls
Scott Roebuck scores
Michael Lavery to third
Michael Gambeski to second
Pitching: LHP Steven Manderfield
Batting: LHB Todd Thomas 0-0: Ball
1-0: Ball
2-0: Called Strike
2-1: Fly out, F7 (Flyball, 7S, EV 82.5 MPH)
Top of the 9th over - 1 run, 1 hit, 0 errors, 3 left on base; Medford 2 - Coos Bay-North Bend 1
BOTTOM OF THE 9TH
Coos Bay-North Bend Blue Soxs batting - Pitching for Medford Nuggets : RHP Anacleto Caiado
Pitching: RHP David Hanson
Now at 2B: Frankie Thon
Pinch Hitting: RHB James Stefanski 0-0: Called Strike
0-1: SINGLE (Line Drive, 7S, EV 105.6 MPH)
Pinch Runner at 1st Dwight Taylor:
Batting: LHB Craig Gerber 0-0: Ball
1-0: Bunted foul
1-1: Ball
2-1: Sac Bunt to 25 - play at first, batter OUT! 5-4
Dwight Taylor to second
Batting: RHB Brian Stemberger 0-0: Called Strike
0-1: Ball
1-1: Called Strike
1-2: Ground out 4-3 (Groundball, 4S, EV 80.6 MPH)
Dwight Taylor to third
Batting: LHB Curt Reed 0-0: Fly out, F7 (Flyball, 7, EV 80.6 MPH)
Bottom of the 9th over - 0 runs, 1 hit, 0 errors, 1 left on base; Medford 2 - Coos Bay-North Bend 1
Wednesday, August 26th, 2020 - OOTP Baseball 21.5 Build 76